Map: Winter Madness LE

Players

HoldTheDoor

  • Race: Protoss Protoss
  • League: Diamond
  • Spawn Location: 11:00

Lete - Winner!

  • Race: Terran Terran
  • League: Diamond
  • Spawn Location: 5:00

VOD

Have the link to the VOD?

Description

Time

  • Played on: May 12, 2026, 1:10 p.m.
  • Length: 6:33
Show
View Real Time Build Order
Export as new Build Order

HoldTheDoor Protoss 

Build Orders: 1 Gate Expand 

Get SALT Encoding   

  12  0:00  Probe  
  13  0:12  Probe  
  14  0:17  Pylon  
  14  0:23  Probe  
  15  0:32  Probe  
  15  0:40  Probe  
  15  0:41  Gateway  
  17  0:50  Assimilator  
  17  0:51  Probe  
  18  1:03  Probe  
  20  1:25  Nexus  
  19  1:33  Cybernetics Core  
  19  1:36  Probe  
  20  1:41  Assimilator  
  20  1:48  Probe  
  20  1:54  Pylon  
  21  2:00  Probe  
  22  2:02  Adept  
  22  2:11  Warp Gate  
  22  2:12  Probe  
  25  2:24  Shield Battery  
  25  2:25  Probe  
  26  2:32  Sentry  
  29  2:37  Probe  
  29  2:49  Probe  
  30  3:00  Probe  
  31  3:08  Probe  
  32  3:14  Robotics Facility  
  32  3:15  Probe  
  33  3:20  Assimilator, Probe  
  33  3:23  Forge  
  34  3:28  Gateway  
  34  3:29  Probe  
  34  3:33  Probe  
  36  3:41  Probe  
  36  3:45  Probe  
  38  3:51  Stargate  
  38  3:53  Probe  
  38  3:54  Immortal  
  39  4:04  Shield Battery x2  
  39  4:06  Pylon  
  39  4:07  Stalker  
  39  4:09  Probe  
  46  4:16  Pylon  
  46  4:24  Probe  
  47  4:26  Stalker  
  47  4:30  Stalker  
  51  4:36  Phoenix  
  53  4:39  Probe x2  
  55  4:51  Probe  
  56  5:14  Probe  
  56  5:18  Pylon  
  56  5:23  Pylon  
  56  5:25  Immortal  
  56  5:27  Photon Cannon  
  60  5:29  Probe x2  
  62  5:39  Photon Cannon  
  62  5:41  Probe  
  63  5:47  Pylon  
  63  5:50  Phoenix  
  63  5:51  Probe  
  66  5:57  Pylon, Probe  
  66  5:59  Assimilator  
  67  6:05  Robotics Bay  
  67  6:07  Observer  
  67  6:10  Probe x2  
  70  6:16  Photon Cannon  
  66  6:21  Photon Cannon  
Show
View Real Time Build Order
Export as new Build Order

Lete Terran - Winner!

Build Orders: Cyclone Opening 

Get SALT Encoding   

  12  0:03  SCV  
  13  0:15  SCV  
  13  0:19  Supply Depot  
  14  0:27  SCV  
  15  0:41  SCV  
  16  0:43  Barracks  
  16  0:45  Refinery  
  16  0:53  SCV  
  16  0:55  Refinery  
  17  1:05  SCV  
  18  1:17  SCV  
  19  1:30  Reaper  
  19  1:31  Orbital Command  
  20  1:34  Supply Depot  
  20  1:44  Factory  
  20  1:57  SCV  
  21  2:06  Barracks Tech Lab  
  21  2:09  SCV  
  22  2:21  SCV  
  23  2:32  Command Center  
  23  2:35  SCV  
  24  2:54  SCV  
  24  2:57  Cyclone, Starport  
  27  3:06  Supply Depot  
  27  3:08  Barracks Reactor  
  27  3:17  SCV  
  28  3:29  SCV, Widow Mine  
  31  3:42  Medivac  
  31  3:44  Marine x2  
  35  3:48  Refinery  
  35  3:49  Orbital Command  
  35  3:51  SCV, Widow Mine  
  38  4:02  Marine x2  
  40  4:03  SCV  
  41  4:12  Siege Tank, Starport Tech Lab  
  41  4:15  SCV  
  45  4:23  SCV  
  45  4:24  Marine x2  
  46  4:27  SCV  
  46  4:30  Supply Depot  
  49  4:37  Banshee  
  52  4:46  SCV x2  
  52  4:51  Siege Tank  
  57  4:53  Supply Depot  
  55  5:01  SCV x2  
  55  5:02  Marine x2  
  55  5:06  Engineering Bay  
  57  5:13  SCV x2  
  57  5:20  Liberator  
  60  5:22  Marine  
  60  5:23  Marine  
  62  5:29  Barracks, SCV x2  
  62  5:31  Barracks  
  64  5:36  Siege Tank  
  64  5:40  Marine x2  
  64  5:41  SCV  
  70  5:43  Refinery  
  70  6:01  Supply Depot  
  70  6:04  Supply Depot  
  70  6:05  Supply Depot  
  70  6:14  Marine x2, SCV  
  70  6:16  SCV  
Tags
 
Add a new tag
Caveats
  • Supply blocks, unpowered buildings, or Contaminate may cause inaccurate times.
  • Supply counts are checked every 10 seconds.